 Dungeon Crawl Stone Soup version 0.25-a0-803-g58bd18402a (webtiles) character file.

Game seed: 7745649054617647841, levelgen mode: deterministic

787 1994 the Chiller (level 7, -3/56 HPs)
             Began as a Demigod Ice Elementalist on Apr 19, 2020.
             Slain by Prince Ribbit (16 damage)
             ... on level 5 of the Dungeon.
             The game lasted 00:20:42 (5286 turns).

1994 the Chiller (Demigod Ice Elementalist)         Turns: 5286, Time: 00:20:42

Health: -3/56      AC:  6    Str: 11    XL:     7   Next: 30%
Magic:  8/16       EV: 13    Int: 23    God:
Gold:   298        SH:  6    Dex: 22    Spells: 3/14 levels left

rFire    . . .     SeeInvis .   a - +9 spear "Widowermaker" {holy, Dex+6}
rCold    . . .     Gourm    .   (no shield)
rNeg     + . .     Faith    .   J - +0 leather armour {rN+}
rPois    .         Spirit   .   A - +0 helmet
rElec    .         Reflect  +   C - +0 cloak
rCorr    .         Harm     .   z - +0 pair of gloves
MR       .....                  (no boots)
Stlth    ++........             h - +6 amulet of reflection
HPRegen  0.18/turn              (no ring)
MPRegen  0.15/turn              (no ring)

@: frozen ramparts, very slightly contaminated
A: high mp 1
a: no special abilities


You were on level 5 of the Dungeon.
You were not hungry.

You visited 2 branches of the dungeon, and saw 6 of its levels.

You collected 298 gold pieces.

Inventory:

Hand Weapons
 a - the +9 spear "Widowermaker" (weapon) {holy, Dex+6}
   (You took it off an orc on level 3 of the Dungeon)

   It has been blessed by the Shining One to cause great damage to the undead
   and demons.
   It affects your dexterity (+6).
 b - a +0 hunting sling
 m - a cursed -1 spear
 x - a +3 dagger of draining
Missiles
 d - 229 stones
 g - 51 sling bullets
 k - 13 poisoned darts (quivered)
Armour
 y - the +5 scale mail of the Orcish Mines {rElec Str+2}
   (You took it off an orc on level 3 of the Dungeon)

   It affects your strength (+2).
   It insulates you from electricity.
 z - a +0 pair of gloves (worn)
 A - a +0 helmet (worn)
 C - a +0 cloak (worn)
 J - a +0 leather armour of positive energy (worn)
Jewellery
 h - a +6 amulet of reflection (around neck)
 G - an uncursed ring of protection from magic {unknown}
Wands
 u - a wand of random effects (17)
Scrolls
 e - a scroll of fear
 i - 6 scrolls of teleportation
 l - a scroll of blinking {unknown}
 n - a scroll of magic mapping {unknown}
 q - 2 scrolls of remove curse
 r - a scroll of fog {unknown}
 t - a scroll of immolation {unknown}
 v - a scroll of enchant armour {unknown}
 F - a scroll of amnesia
Potions
 f - 3 potions of brilliance
 o - a potion of mutation
 p - a potion of lignification
 s - a potion of cancellation {unknown}
 w - a potion of curing {unknown}
 D - a potion of berserk rage {unknown}
 E - a potion of ambrosia {unknown}
 H - a potion of stabbing {unknown}
Comestibles
 c - 14 rations
 I - a chunk of flesh


   Skills:
 + Level 2.7 Fighting
 + Level 2.2 Dodging
 - Level 1.7 Stealth
 + Level 4.1 Spellcasting
 * Level 2.3 Conjurations
 - Level 2.0 Charms
 * Level 5.6 Ice Magic


You had 3 spell levels left.
You knew the following spells:

 Your Spells              Type           Power        Failure   Level  Hunger
a - Freeze                Ice            ####         1%          1    None
b - Frozen Ramparts       Ice            ####..       4%          3    ##.....
c - Ozocubu's Armour      Chrm/Ice       ###.....     9%          3    ##.....
d - Hailstorm             Conj/Ice       ###.....     26%         4    ####...

Your spell library contained the following spells:

 Spells                   Type           Power        Failure   Level  Hunger
 Animate Skeleton         Necr           N/A          14%         1    None
 Pain                     Necr           #...         14%         1    None
 Vampiric Draining        Necr           #.........   38%         3    ##.....
 Summon Ice Beast         Ice/Summ       ###.....     38%         4    ####...
 Animate Dead             Necr           N/A          80%         4    ####...
 Agony                    Necr           #.......     98%         5    ######.


Dungeon Overview and Level Annotations

Branches:
Dungeon (5/15)             Temple (1/1) D:4

Annotations:
D:5 Prince Ribbit


Innate Abilities, Weirdness & Mutations

You have an increased reservoir of magic. (+10% MP)


Message History

Press: ? - help, Shift-Dir - straight line, f - Prince Ribbit
Aim: Prince Ribbit (moderately wounded)
You freeze Prince Ribbit.
Prince Ribbit is moderately wounded.
The wall freezes Prince Ribbit.
Prince Ribbit hits you.
* * * LOW HITPOINT WARNING * * *
Unknown command.
Unknown command.
Casting: Freeze (safe; 1% risk of failure)
Confirm with . or Enter, or press ? or * to list all spells.
Aiming: Freeze (safe; 1% risk of failure)
Press: ? - help, Shift-Dir - straight line, f/p - Prince Ribbit
Aim: Prince Ribbit (heavily wounded)
You freeze Prince Ribbit.
Prince Ribbit is severely wounded.
The wall freezes Prince Ribbit.
Prince Ribbit mumbles some strange words.
Prince Ribbit looks slightly unstable.
The wall freezes Prince Ribbit.
Prince Ribbit seems to slow down.
Prince Ribbit hits you!
You die...

####.# #.# #.### #.# .
#..)# #.# #### ...
###.###.# #... ...
#.))....############...
....#
#....[............##...
....#
#..........######.##...
....#
#..........##..........
....
######@....##.###.#....
.. #F....##.#...#....
###.##
#.....##.#.###..>.
......
#.....##.#........
......
#.....##....#.....
......
#.....#####.#.....
......
..?.....###'#+#...
......
##.......#.........
######
#.......#.........


You could see Prince Ribbit.

Vanquished Creatures
  An ogre (D:4)
  A phantom (D:4)
  The ghost of Brecoman the Ruffian, an amateur DrTm (D:3)
  A scorpion (D:4)
  A water moccasin skeleton (D:4)
  2 howler monkeys
  A bullfrog skeleton (D:5)
  A jelly (D:2)
  An iguana (D:4)
  2 worker ants (D:4)
  An orc wizard (D:5)
  4 adders
  A shadow imp (D:5)
  2 oozes
  3 worms
  2 dart slugs
  3 leopard geckos
  25 orcs
  4 bats
  6 giant cockroaches
  6 goblins
  11 hobgoblins
  10 jackals
  9 kobolds
  A quokka (D:5)
  7 frilled lizards
  9 rats
116 creatures vanquished.

Notes
Turn   | Place    | Note
-------+----------+-------------------------------------------
     0 | D:1      | 1994 the Demigod Ice Elementalist began the quest for the
                  | Orb.
     0 | D:1      | Reached XP level 1. HP: 14/14 MP: 5/5
   256 | D:1      | Reached XP level 2. HP: 18/22 MP: 4/7
   647 | D:1      | Found a shattered altar of Ashenzari.
   856 | D:2      | Reached skill level 4 in Ice Magic
  1108 | D:2      | Reached XP level 3. HP: 27/27 MP: 9/9
  1113 | D:2      | Learned a level 3 spell: Frozen Ramparts
  1128 | D:2      | Reached skill level 1 in Fighting
  1389 | D:2      | Learned a level 3 spell: Ozocubu's Armour
  1640 | D:2      | Reached XP level 4. HP: 35/35 MP: 7/11
  2034 | D:3      | Found a sacrificial altar of Ru.
  2264 | D:3      | Found a faded altar of an unknown god.
  2437 | D:3      | Identified the +9 spear "Widowermaker" {holy, Dex+6}
  2437 | D:3      | Identified the +5 scale mail of the Orcish Mines {rElec
                  | Str+2}
  2438 | D:3      | Found a runed translucent gate.
  2439 | D:3      | Found a runed translucent gate.
  2440 | D:3      | Found a runed translucent gate.
  2442 | D:3      | Found a roughly hewn altar of Beogh.
  2445 | D:3      | Noticed Brecoman's ghost (amateur DrTm)
  2681 | D:3      | Killed Brecoman's ghost
  2681 | D:3      | Reached XP level 5. HP: 26/41 MP: 1/13
  3013 | D:3      | Reached skill level 5 in Ice Magic
  3259 | D:3      | Learned a level 4 spell: Hailstorm
  3326 | D:4      | Noticed a phantom
  3441 | D:4      | Killed a phantom
  3441 | D:4      | Reached XP level 6. HP: 33/48 MP: 12/14
  3711 | D:4      | Reached skill level 1 in Conjurations
  3711 | D:4      | Reached skill level 1 in Charms
  3721 | D:4      | Found a staircase to the Ecumenical Temple.
  3751 | Temple   | Entered the Ecumenical Temple
  4071 | D:4      | Found a glowing golden altar of the Shining One.
  4168 | D:4      | Reached XP level 7. HP: 56/56 MP: 8/16
  4778 | D:5      | Entered Level 5 of the Dungeon
  5180 | D:5      | Found an ancient bone altar of Kikubaaqudgha.
  5277 | D:5      | Noticed Prince Ribbit
  5286 | D:5      | Slain by Prince Ribbit

Levels and vault maps discovered:
D:1:      scummos_arrival_checkerplants, layout_basic, evilmike_ruin_ashenzari
D:2:      layout_loops_ring
D:3:      layout_loops_cross, hangedman_ru_absence, biasface_ghost_orc_armoury,
          chequers_ecumenical_altar_simple
D:4:      layout_loops_corners, tso_metal_star, minmay_temple_entry_glass
D:5:      layout_basic, lemuel_doored_altar, first_ration, uniq_prince_ribbit1
Temple:   dshaligram_water_room_temple

Skill      XL: |  1  2  3  4  5  6  7 |
---------------+----------------------+-----
Spellcasting   | 2 3 4 |  4.1
Ice Magic      | 4 5 |  5.6
Fighting       | 1 2 |  2.7
Conjurations   | 1 2 |  2.3
Charms         | 1 2 |  2.0
Dodging        | 2 |  2.2
Stealth        | |  1.7

Action                   |  1- 3 |  4- 6 |  7- 9 || total
-------------------------+-------+-------+-------++-------
Melee: Dagger            |    11 |    22 |       ||    33
       Spear             |       |    46 |    34 ||    80
 Fire: Hunting sling     |       |    20 |       ||    20
Throw: Stone             |     1 |       |       ||     1
       Dart              |       |     2 |       ||     2
 Cast: Freeze            |    43 |    29 |     2 ||    74
       Frozen Ramparts   |     7 |     9 |     2 ||    18
       Ozocubu's Armour  |       |     3 |       ||     3
       Hailstorm         |       |     1 |       ||     1
  Use: Scroll            |       |     1 |     6 ||     7
 Stab: Sleeping          |     2 |     6 |     4 ||    12
  Eat: Chunk             |     3 |     9 |     4 ||    16
Armor: Robe              |     4 |    11 |       ||    15
       Leather armour    |       |     1 |     4 ||     5
Dodge: Dodged            |    24 |    51 |    11 ||    86
Block: Other             |       |     8 |     9 ||    17

Table legend:
 A = Non-vault XP
 B = Vault XP
 C = Vault XP percentage of total XP
 D = Non-vault monster count
 E = Vault monster count
 F = Vault count percentage of total count
                 A         B        C        D         E       F
            +---------+---------+-------+---------+---------+-------
      Total |     989 |     136 |  12.1 |     108 |       8 |   6.9
            +---------+---------+-------+---------+---------+-------
        D:1 |      30 |       0 |   0.0 |      16 |       0 |   0.0
        D:2 |     117 |       0 |   0.0 |      28 |       0 |   0.0
        D:3 |      70 |     136 |  66.0 |      30 |       8 |  21.1
        D:4 |     596 |       0 |   0.0 |      17 |       0 |   0.0
        D:5 |     176 |       0 |   0.0 |      17 |       0 |   0.0
            +---------+---------+-------+---------+---------+-------
